 Dungeon Sprint DCSS version 0.30-a0-808-g6e0788376e (webtiles) character file.

Game seed: 4568356153147292554

193 rocky1 the Zephyrmancer (level 5, -5/42 HPs)
             Began as a Tengu Air Elementalist on Feb 26, 2023.
             Was a Priest of Sif Muna.
             Slain by a warg (11 damage)
             ... in the Dungeon (Sprint VII: "The Pits").
             The game lasted 00:01:42 (770 turns).

rocky1 the Zephyrmancer (Tengu Air Elementalist)     Turns: 770, Time: 00:01:43

Health: -5/42      AC:  2    Str:  8    XL:     5   Next: 72%
Magic:  10/13      EV: 14    Int: 18    God:    Sif Muna [***...]
Gold:   0          SH:  0    Dex: 14    Spells: 3/13 levels left

rFire   . . .      SeeInvis .    k - +2 falchion
rCold   . . .      Faith    .    (no shield)
rNeg    . . .      Spirit   .    a - +0 robe
rPois   .          Reflect  .    (helmet restricted)
rElec   .          Harm     .    (no cloak)
rCorr   .          Rampage  .    (no gloves)
Will    .....      NoTele   +    (boots unavailable) Stlth
                                 (no amulet)
HPRegen 0.27/turn                (no ring)
MPRegen 0.13/turn                (no ring)

@: berserking, lethally poisoned (-5 -> -10), flying quickly and evasively,
hasted, very quick
A: beak, talons 3, nimble flight
a: Renounce Religion, Channel Magic, Forget Spell


You were in the Dungeon.
You worshipped Sif Muna.
Sif Muna was most pleased with you.
You visited 1 branch

Inventory:

Hand Weapons
 k - a +2 falchion (weapon)
 l - a +1 long sword of flaming
Armour
 a - a +0 robe (worn)
 m - a +3 ring mail
Scrolls
 g - a scroll of blinking
 i - 5 scrolls of amnesia
 j - a scroll of summoning
Potions
 b - 5 potions of magic
 c - 5 potions of curing
 d - 6 potions of heal wounds
 f - a potion of berserk rage
 h - 2 potions of invisibility


   Skills:
 - Level 2.1 Dodging
 - Level 2.0 Stealth
 + Level 4.6 Spellcasting
 * Level 8.7 Conjurations
 * Level 9.6 Air Magic
 + Level 3.5 Invocations


You had 3 spell levels left.
You knew the following spells:

 Your Spells              Type           Power      Damage    Failure   Level
a - Shock                 Conj/Air       100%       1d9       1%          1
b - Static Discharge      Conj/Air       74%        2-6/arc   1%          2
c - Swiftness             Air            38%        N/A       1%          3
d - Airstrike             Air            19%        2d(3-19)  2%          4

Your spell library contained the following spells:

 Spells                   Type           Power      Damage    Failure   Level


Dungeon Overview and Level Annotations

Branches:
Dungeon (1/1)

Altars:
Ashenzari
Cheibriados
Dithmenos
Elyvilon
Fedhas
Gozag
Hepliaklqana
Kikubaaqudgha
Makhleb
Nemelex Xobeh
Okawaru
Qazlal
Ru
Sif Muna
Trog
Uskayaw
Vehumet
Wu Jian
Xom
Yredelemnul
Zin
The Shining One
Jiyva
Lugonu


Innate Abilities, Weirdness & Mutations

You have a beak for a mouth.
You have claws for feet.
Your magical nature lets you fly swiftly and evasively.


Message History

You feel yourself moving faster!
You feel mighty!
The crimson imp shouts!
The adder hisses angrily.
The water moccasin misses you.
You barely miss the water moccasin. You claw the water moccasin!
The water moccasin is heavily wounded.
The water moccasin barely misses you.
You closely miss the water moccasin. You claw the water moccasin!
Your peck misses the water moccasin.
The water moccasin is severely wounded.
The water moccasin bites you.
You are poisoned.
The water moccasin poisons you!
You barely miss the water moccasin. You punch the water moccasin.
The water moccasin is almost dead.
You feel very sick. The water moccasin bites you! The water moccasin bites you.
You slash the water moccasin!
You kill the water moccasin!
Sif Muna accepts your kill.
You can now freely open your mind to new spells.
You feel sick.
Your Spellcasting skill increases to level 4!
Your Conjurations skill gained 2 levels and is now at level 8!
Your Air Magic skill gained 2 levels and is now at level 9!
Your Invocations skill increases to level 3!
You have reached level 5!
Your magical nature develops, letting you fly swiftly and evasively.
You closely miss the warg. You claw the warg.
The warg is lightly wounded.
You feel sick. The warg bites you.
* * * LOW HITPOINT WARNING * * *
You slash the warg!
The warg is heavily wounded.
* * * LOW HITPOINT WARNING * * *
You feel sick. The warg closely misses you. The warg misses you.
You hit the warg.
The warg is heavily wounded.
* * * LOW HITPOINT WARNING * * *
You feel sick. The warg bites you!
You die...

#...........'.....
#'#####'#####.....
#.#..#..#..##.....
#.#..'..'..#####'#
#.##†####+###.....
#.#.)†.....##.....
#.#........##.....
#.#####'#####...<.
#@#....))..##.....
#h#...)))[.##.....
#S###########.....
#z5 ###### #..#
#... ##.## .. .#


You could see a warg, a flying skull, a crimson imp and an adder.

Vanquished Creatures
  A water moccasin (D)
  A scorpion (D)
  2 adders (D)
  An ufetubus (D)
  2 jackals (D)
  A kobold (D)
  2 quokkas (D)
  A bat (D)
  A rat (D)
12 creatures vanquished.

Notes
Turn   | Place    | Note
-------+----------+-------------------------------------------
     0 | D        | rocky1 the Tengu Air Elementalist began the quest for the
                  | Orb.
     0 | D        | Reached XP level 1. HP: 10/10 MP: 4/4
    21 | D        | Reached skill level 5 in Air Magic
    21 | D        | Reached XP level 2. HP: 10/15 MP: 0/6
   168 | D        | Found a bloodstained altar of Trog.
   168 | D        | Found a shimmering blue altar of Sif Muna.
   168 | D        | Found a viscous altar of Jiyva.
   168 | D        | Found a hazy altar of Hepliaklqana.
   168 | D        | Found an opulent altar of Gozag.
   169 | D        | Found a glowing golden altar of the Shining One.
   169 | D        | Found a glowing silver altar of Zin.
   169 | D        | Found a basalt altar of Yredelemnul.
   169 | D        | Found a shimmering altar of Xom.
   169 | D        | Found an ornate altar of the Wu Jian Council.
   169 | D        | Found a sacrificial altar of Ru.
   169 | D        | Found a stormy altar of Qazlal.
   169 | D        | Found an iron altar of Okawaru.
   169 | D        | Found a sparkling altar of Nemelex Xobeh.
   169 | D        | Found a burning altar of Makhleb.
   169 | D        | Found a blossoming altar of Fedhas.
   169 | D        | Found a white marble altar of Elyvilon.
   169 | D        | Found a shadowy altar of Dithmenos.
   169 | D        | Found a snail-covered altar of Cheibriados.
   172 | D        | Found a corrupted altar of Lugonu.
   172 | D        | Found a radiant altar of Vehumet.
   173 | D        | Found an ancient bone altar of Kikubaaqudgha.
   173 | D        | Found a hide-covered altar of Uskayaw.
   173 | D        | Found a broken altar of Ashenzari.
   176 | D        | Became a worshipper of Sif Muna the Loreminder
   227 | D        | Reached * piety under Sif Muna
   460 | D        | Noticed a scorpion
   469 | D        | Killed a scorpion
   470 | D        | Reached skill level 7 in Air Magic
   470 | D        | Reached XP level 3. HP: 11/19 MP: 1/9
   470 | D        | Reached XP level 4. HP: 14/24 MP: 1/10
   651 | D        | Reached ** piety under Sif Muna
   739 | D        | Learned a level 2 spell: Static Discharge
   743 | D        | Learned a level 3 spell: Swiftness
   748 | D        | Learned a level 4 spell: Airstrike
   758 | D        | Noticed a water moccasin
   759 | D        | Noticed a flying skull
   759 | D        | Noticed a warg
   767 | D        | Killed a water moccasin
   767 | D        | Reached *** piety under Sif Muna
   768 | D        | Reached skill level 9 in Air Magic
   768 | D        | Gained mutation: Your magical nature lets you fly swiftly
                  | and evasively. [Tengu growth]
   768 | D        | Reached XP level 5. HP: 16/28 MP: 10/13
   770 | D        | Slain by a warg

Illustrated notes

Levels and vault maps discovered:
D:        pitsprint [storerooms_1, entrance_room_1, metal_vault_6, armoury_2,
          mini_pit_1, grid_room_1, main_hall_1, silver_pit, the_coven_2,
          the_vestibule_1, steel_vault_4, golden_pit, hallway_of_sentries,
          crystal_vault_3, iron_vault_1, final_vault]

Skill      XL: |  1  2  3  4 |
---------------+-------------+-----
Conjurations   | 3 6 8 |  8.7
Air Magic      | 5 7 9 |  9.6
Spellcasting   | 3 4 |  4.6
Invocations    | 2 3 |  3.5
Dodging        | |  2.1
Stealth        | |  2.0

Action                     |  1- 3 |  4- 6 || total
---------------------------+-------+-------++-------
  Melee: Unarmed           |     4 |       ||     4
         Kick              |     2 |     4 ||     6
         Falchion          |     2 |    10 ||    12
         Peck              |       |     1 ||     1
         Punch             |       |     1 ||     1
   Cast: Shock             |    15 |     9 ||    24
    Use: Potion            |     2 |     2 ||     4
 Armour: Robe              |     2 |     1 ||     3
  Dodge: Dodged            |    14 |    12 ||    26

Table legend: (Time is in decaauts)
 A = Elapsed time spent in this place.
 B = Non-inter-level travel time spent in this place.
 C = Inter-level travel time spent in this place.
 D = Time resting spent in this place.
 E = Time spent auto-exploring this place.
 F = Levels seen in this place.
 G = Mean time per level.
                   A        B        C        D        E       F      G
               +--------+--------+--------+--------+--------+-----+--------+
         Total |    780 |    767 |     13 |    607 |      0 |   1 |  780.0 |
       Dungeon |    780 |    767 |     13 |    607 |      0 |   1 |  780.0 |
               +--------+--------+--------+--------+--------+-----+--------+

Top non-repeatable levels by time:
       D: 780 daAuts
